ABL
CRONULLA SHARKS @ NEWCASTLE BOMBERS
06/25/2022
 
TOP OF THE 1ST
Cronulla Sharks batting - Pitching for Newcastle Bombers : RHP Tommy Sailor
Pitching: RHP Tommy Sailor
Batting: LHB Nick Jeffcoate 0-0: Ground out 4-3 (Groundball, 4, EV 86.3 MPH)
Batting: RHB Sloan Windus 0-0: Ball
1-0: Ground out 5-3 (Groundball, 56, EV 88.8 MPH)
Batting: LHB Bill Gower 0-0: Called Strike
0-1: Ball
1-1: Ball
2-1: Swinging Strike
2-2: Foul Ball, location: 5FF
2-2: Strikes out swinging
Top of the 1st over - 0 runs, 0 hits, 0 errors, 0 left on base; Cronulla 0 - Newcastle 0
BOTTOM OF THE 1ST
Newcastle Bombers batting - Pitching for Cronulla Sharks : LHP Billie Kenny
Pitching: LHP Billie Kenny
Batting: RHB Jarrad Johnson 0-0: Called Strike
0-1: Swinging Strike
0-2: Ball
1-2: Ball
2-2: Foul Ball, location: 23FF
2-2: Strikes out swinging
Batting: RHB Everett Essex 0-0: Called Strike
0-1: SINGLE (Groundball, 4MD, EV 101.3 MPH)
Batting: RHB Bill Lindner 0-0: Swinging Strike
0-1: Ball
1-1: Called Strike
1-2: Foul Ball, location: 2F
1-2: Ball
Pickoff Throw to First - Out! 1-3
2-2: Ball
3-2: Ground out 5-3 (Groundball, 56, EV 100.6 MPH)
Bottom of the 1st over - 0 runs, 1 hit, 0 errors, 0 left on base; Cronulla 0 - Newcastle 0
TOP OF THE 2ND
Cronulla Sharks batting - Pitching for Newcastle Bombers : RHP Tommy Sailor
Batting: RHB Asa Thatcher 0-0: Ball
1-0: Fly out, F8 (Flyball, 8LM, EV 80.0 MPH)
Batting: RHB Mark Ryan 0-0: Ball
1-0: Foul Ball, location: 5FF
1-1: Ball
2-1: Ball
3-1: Foul Ball, location: 3FF
3-2: Strikes out swinging
Batting: SHB Bruno Collick 0-0: Fly out, F9 (Flyball, 9S, EV 91.3 MPH)
Top of the 2nd over - 0 runs, 0 hits, 0 errors, 0 left on base; Cronulla 0 - Newcastle 0
BOTTOM OF THE 2ND
Newcastle Bombers batting - Pitching for Cronulla Sharks : LHP Billie Kenny
Batting: RHB Frank Elmar 0-0: Called Strike
0-1: Ground out 5-3 (Groundball, 56, EV 94.4 MPH)
Batting: RHB Newt Dingle 0-0: Called Strike
0-1: Swinging Strike
0-2: Ball
1-2: Ball
2-2: Foul Ball, location: 2F
2-2: Ball
3-2: Foul Ball, location: 25F
3-2: Ground out 4-3 (Groundball, 34, EV 91.3 MPH)
Batting: RHB Adrian Stewart 0-0: Fly out, F9 (Line Drive, 89S, EV 94.4 MPH)
Bottom of the 2nd over - 0 runs, 0 hits, 0 errors, 0 left on base; Cronulla 0 - Newcastle 0
TOP OF THE 3RD
Cronulla Sharks batting - Pitching for Newcastle Bombers : RHP Tommy Sailor
Batting: RHB Ollie Bullivant 0-0: Swinging Strike
0-1: Ball
1-1: Foul Ball, location: 2F
1-2: Ball
2-2: Foul Ball, location: 9LDF
2-2: Strikes out looking
Batting: RHB Rhys Bloor 0-0: Fly out, F9 (Flyball, 89S, EV 94.4 MPH)
Batting: LHB Billie Kenny 0-0: Called Strike
0-1: Ball
1-1: Ball
2-1: Swinging Strike
2-2: Ball
3-2: Strikes out swinging, 2-3 out at first.
Top of the 3rd over - 0 runs, 0 hits, 0 errors, 0 left on base; Cronulla 0 - Newcastle 0
BOTTOM OF THE 3RD
Newcastle Bombers batting - Pitching for Cronulla Sharks : LHP Billie Kenny
Batting: LHB Rafael Pichardo 0-0: Foul Ball, location: 2F
0-1: Foul Ball, location: 3FF
0-2: Foul Ball, location: 2F
0-2: Ball
1-2: Strikes out looking
Batting: SHB Tommy Sailor 0-0: Ball
1-0: Fly out, F8 (Flyball, 89M, EV 92.5 MPH)
Batting: SHB Darrin Dalley 0-0: Ball
1-0: Bunt missed!
1-1: Foul Ball, location: 2F
1-2: Foul Ball, location: 9LDF
1-2: Ground out 6-3 (Groundball, 6, EV 84.4 MPH)
Bottom of the 3rd over - 0 runs, 0 hits, 0 errors, 0 left on base; Cronulla 0 - Newcastle 0
TOP OF THE 4TH
Cronulla Sharks batting - Pitching for Newcastle Bombers : RHP Tommy Sailor
Batting: LHB Nick Jeffcoate 0-0: Swinging Strike
0-1: Ball
1-1: Ball
2-1: Swinging Strike
2-2: Ball
3-2: Strikes out swinging
Batting: RHB Sloan Windus 0-0: Called Strike
0-1: Ball
1-1: Swinging Strike
1-2: Ball
2-2: Strikes out swinging
Batting: LHB Bill Gower 0-0: Foul Ball, location: 7LSF
0-1: Hit by Pitch
Batting: RHB Asa Thatcher 0-0: Ball
1-0: Ball
2-0: Swinging Strike
2-1: Ball
Wild Pitch!
Bill Gower to second
3-1: Foul Ball, location: 2F
3-2: Strikes out swinging
Top of the 4th over - 0 runs, 0 hits, 0 errors, 1 left on base; Cronulla 0 - Newcastle 0
BOTTOM OF THE 4TH
Newcastle Bombers batting - Pitching for Cronulla Sharks : LHP Billie Kenny
Batting: RHB Jarrad Johnson 0-0: Called Strike
0-1: Foul Ball, location: 9LSF
0-2: Ball
1-2: Ball
2-2: Ball
3-2: Base on Balls
Batting: RHB Everett Essex 0-0: Sac Bunt to 3S - play at first, batter OUT! 3-4
Jarrad Johnson to second
Batting: RHB Bill Lindner 0-0: Ball
1-0: DOUBLE (Line Drive, 5D, EV 98.1 MPH)
Jarrad Johnson scores
Batting: RHB Frank Elmar 0-0: Ground out 2-3 (Groundball, 2L, EV 69.4 MPH)
Batting: RHB Newt Dingle 0-0: Called Strike
0-1: Ground out 6-3 (Groundball, 6, EV 81.3 MPH)
Bottom of the 4th over - 1 run, 1 hit, 0 errors, 1 left on base; Cronulla 0 - Newcastle 1
TOP OF THE 5TH
Cronulla Sharks batting - Pitching for Newcastle Bombers : RHP Tommy Sailor
Batting: RHB Mark Ryan 0-0: Ball
1-0: Foul Ball, location: 25F
1-1: Ground out 5-3 (Groundball, 56, EV 76.9 MPH)
Batting: SHB Bruno Collick 0-0: Called Strike
0-1: Swinging Strike
0-2: Ball
1-2: Strikes out looking
Batting: RHB Ollie Bullivant 0-0: Foul Ball, location: 2F
0-1: Swinging Strike
0-2: SINGLE (Groundball, 6MD, EV 100.6 MPH)
Batting: RHB Rhys Bloor 0-0: Ball
1-0: Foul Ball, location: 2F
1-1: Called Strike
1-2: Strikes out looking
Top of the 5th over - 0 runs, 1 hit, 0 errors, 1 left on base; Cronulla 0 - Newcastle 1
BOTTOM OF THE 5TH
Newcastle Bombers batting - Pitching for Cronulla Sharks : LHP Billie Kenny
Batting: RHB Adrian Stewart 0-0: Called Strike
0-1: Swinging Strike
0-2: Ball
1-2: Foul Ball, location: 2F
1-2: SINGLE (Line Drive, 8RS, EV 106.3 MPH)
Batting: LHB Rafael Pichardo 0-0: Ball
1-0: Ball
2-0: Called Strike
2-1: Foul Ball, location: 5DF
2-2: Fielders Choice at 2nd, 4-6 (Groundball, 4, EV 106.3 MPH)
Batting: SHB Tommy Sailor 0-0: Sac Bunt to 23 - play at first, batter OUT! 3-4
Rafael Pichardo to second
Batting: SHB Darrin Dalley 0-0: Swinging Strike
0-1: SINGLE (Line Drive, 78S, EV 90.0 MPH)
Rafael Pichardo to third
Runner from 3rd tries for Home, SAFE, throw by CF to home
Batting: RHB Jarrad Johnson 0-0: Swinging Strike
0-1: Swinging Strike
0-2: Ball
1-2: Strikes out swinging
Bottom of the 5th over - 1 run, 2 hits, 0 errors, 1 left on base; Cronulla 0 - Newcastle 2
TOP OF THE 6TH
Cronulla Sharks batting - Pitching for Newcastle Bombers : RHP Tommy Sailor
Pinch Hitting: SHB Tony Alvarado 0-0: Ball
1-0: Called Strike
1-1: SINGLE (Groundball, 4MD, EV 106.9 MPH)
Batting: LHB Nick Jeffcoate 0-0: Called Strike
0-1: Fielders Choice at 2nd, 4-6 (Groundball, 34D, EV 87.5 MPH)
Batting: RHB Sloan Windus 0-0: Ball
Wild Pitch!
Nick Jeffcoate to second
1-0: Called Strike
1-1: Ball
2-1: Ball
3-1: Base on Balls
Batting: LHB Bill Gower 0-0: Called Strike
0-1: Ball
1-1: Ball
2-1: Fly out, F9 (Flyball, 89D, EV 95.0 MPH)
Runner from 2nd tags up, SAFE at 3rd, no throw by RF
Batting: RHB Asa Thatcher 0-0: Ball
1-0: Foul Ball, location: 23F
1-1: Ball
2-1: Ball
3-1: DOUBLE (Flyball, 8RXD, EV 99.4 MPH)
Nick Jeffcoate scores
Sloan Windus to third
Runner from 3rd tries for Home, SAFE, throw by CF to home
Batting: RHB Mark Ryan 0-0: Swinging Strike
0-1: Ball
1-1: Called Strike
1-2: Strikes out swinging
Top of the 6th over - 2 runs, 2 hits, 0 errors, 1 left on base; Cronulla 2 - Newcastle 2
BOTTOM OF THE 6TH
Newcastle Bombers batting - Pitching for Cronulla Sharks : LHP Billie Kenny
Pitching: RHP Coltyn Beardsley
Batting: RHB Everett Essex 0-0: Called Strike
0-1: Foul Ball, location: 3FF
0-2: Ball
1-2: Ground out 5-3 (Groundball, 15, EV 75.6 MPH)
Batting: RHB Bill Lindner 0-0: Called Strike
0-1: Ball
1-1: Fly out, F7 (Flyball, 7, EV 83.1 MPH)
Batting: RHB Frank Elmar 0-0: Called Strike
0-1: Called Strike
0-2: Foul Ball, location: 2F
0-2: Ball
1-2: Foul Ball, location: 25F
1-2: Ball
2-2: Foul Ball, location: 9LMF
2-2: Ball
3-2: Foul Ball, location: 5FF
3-2: Fly out, F8 (Flyball, 78D, EV 107.5 MPH)
Bottom of the 6th over - 0 runs, 0 hits, 0 errors, 0 left on base; Cronulla 2 - Newcastle 2
TOP OF THE 7TH
Cronulla Sharks batting - Pitching for Newcastle Bombers : RHP Tommy Sailor
Batting: SHB Bruno Collick 0-0: Called Strike
0-1: Ball
1-1: Called Strike
1-2: Foul Ball, location: 2F
1-2: Ball
2-2: Foul Ball, location: 2F
2-2: Fly out, F8 (Line Drive, 8LD, EV 88.1 MPH)
Pitching: RHP Bradford Thomson
Batting: RHB Ollie Bullivant 0-0: Called Strike
0-1: Foul Ball, location: 2F
0-2: Foul Ball, location: 25F
0-2: Ball
1-2: Ball
2-2: Fly out, F6 (Line Drive, 6, EV 71.9 MPH)
Pinch Hitting: RHB John Fay 0-0: Foul Ball, location: 2LF
0-1: Ball
1-1: Foul Ball, location: 2RF
1-2: DOUBLE (Line Drive, 9LS, EV 100.6 MPH)
Pinch Hitting: RHB John Elkington 0-0: Foul Ball, location: 2F
0-1: Ball
1-1: Ground out 5-3 (Groundball, 56S, EV 71.3 MPH)
Top of the 7th over - 0 runs, 1 hit, 0 errors, 1 left on base; Cronulla 2 - Newcastle 2
BOTTOM OF THE 7TH
Newcastle Bombers batting - Pitching for Cronulla Sharks : RHP Coltyn Beardsley
Pitching: RHP Graeme Humphreys
Now at 2B: John Elkington
Pinch Hitting: LHB Danny Newham 0-0: Called Strike
0-1: Ball
1-1: Ball
2-1: Ball
3-1: SINGLE (Line Drive, 8LS, EV 101.3 MPH)
Pinch Hitting: LHB Darby Wellington 0-0: Foul Ball, location: 2F
0-1: Ball
1-1: Foul Ball, location: 23F
1-2: Fielders Choice at 2nd, 5-4 (Groundball, 5L, EV 103.1 MPH)
Batting: LHB Rafael Pichardo 0-0: Ball
1-0: Ball
2-0: Foul Ball, location: 7LDF
2-1: Foul Ball, location: 2RF
2-2: Fly out, F7 (Line Drive, 7S, EV 86.3 MPH)
Pinch Hitting: RHB Kurtis Hetherington 0-0: Ball
1-0: Swinging Strike
1-1: Ball
2-1: Foul Ball, location: 25F
2-2: Strikes out looking
Bottom of the 7th over - 0 runs, 1 hit, 0 errors, 1 left on base; Cronulla 2 - Newcastle 2
TOP OF THE 8TH
Cronulla Sharks batting - Pitching for Newcastle Bombers : RHP Bradford Thomson
Pitching: LHP Denis Kivell
Now at 2B: Kurtis Hetherington
Now in RF: Darby Wellington
Batting: LHB Nick Jeffcoate 0-0: Ball
1-0: Called Strike
1-1: Foul Ball, location: 2RF
1-2: Strikes out swinging
Batting: RHB Sloan Windus 0-0: Called Strike
0-1: Foul Ball, location: 3DF
0-2: Ball
1-2: Foul Ball, location: 25FF
1-2: Fly out, F8 (Flyball, 8RM, EV 89.4 MPH)
Pinch Hitting: RHB Kirby Penfold 0-0: Foul Ball, location: 5F
0-1: Foul Ball, location: 9LDF
0-2: SINGLE (Flyball, 89S, EV 84.4 MPH)
Batting: RHB Asa Thatcher 0-0: Called Strike
0-1: Ball
1-1: Called Strike
1-2: Foul Ball, location: 5F
1-2: Ball
Kirby Penfold steals 2nd, throwing error, E2
Kirby Penfold to third
2-2: Ball
3-2: Foul Ball, location: 3F
3-2: SINGLE (Groundball, 3D, EV 94.4 MPH)
Kirby Penfold scores
Pitching: LHP Reagan Weller
Batting: RHB Mark Ryan 0-0: Fielders Choice at 2nd, 6-4 (Groundball, 6, EV 76.3 MPH)
Top of the 8th over - 1 run, 2 hits, 1 error, 1 left on base; Cronulla 3 - Newcastle 2
BOTTOM OF THE 8TH
Newcastle Bombers batting - Pitching for Cronulla Sharks : RHP Graeme Humphreys
Now in LF: Mark Ryan
Now in RF: Kirby Penfold
Batting: SHB Darrin Dalley 0-0: Called Strike
0-1: Ball
1-1: Foul Ball, location: 23FF
1-2: Ground out 4-3 (Groundball, 4, EV 101.9 MPH)
Batting: RHB Jarrad Johnson 0-0: Foul Ball, location: 2RF
0-1: Called Strike
0-2: Ball
1-2: Ball
2-2: Ball
3-2: Foul Ball, location: 5FF
3-2: SINGLE (Groundball, 56D, EV 98.1 MPH) (infield hit)
Pitching: LHP Sid Lovibond
Batting: RHB Everett Essex 0-0: Called Strike
0-1: Called Strike
0-2: Ball
1-2: Strikes out swinging
Batting: RHB Bill Lindner 0-0: Ball
1-0: Ground out 4-3 (Groundball, 34, EV 86.3 MPH)
Bottom of the 8th over - 0 runs, 1 hit, 0 errors, 1 left on base; Cronulla 3 - Newcastle 2
TOP OF THE 9TH
Cronulla Sharks batting - Pitching for Newcastle Bombers : LHP Reagan Weller
Pitching: RHP Kevin Firkins
Batting: SHB Bruno Collick 0-0: Swinging Strike
0-1: SINGLE (Line Drive, 56D, EV 98.1 MPH)
Batting: RHB Ollie Bullivant 0-0: Ball
Wild Pitch!
Bruno Collick to second
1-0: Bunted foul
1-1: Sac Bunt to 23 - play at first, batter OUT! 3-4
Bruno Collick to third
Pinch Hitting: RHB Louis Belcher 0-0: Ball
1-0: Foul Ball, location: 2F
1-1: Foul Ball, location: 3SF
1-2: Foul Ball, location: 2F
1-2: Ball
2-2: Ball
3-2: Fly out, F8 (Line Drive, 8LM, EV 105.6 MPH)
Runner from 3rd tags up, OUT at HOME! 8-2
Top of the 9th over - 0 runs, 1 hit, 0 errors, 0 left on base; Cronulla 3 - Newcastle 2
BOTTOM OF THE 9TH
Newcastle Bombers batting - Pitching for Cronulla Sharks : LHP Sid Lovibond
Pitching: RHP Eric Jolly
Batting: RHB Frank Elmar 0-0: Ball
1-0: Foul Ball, location: 9LSF
1-1: Fly out, F4 (Popup, 3S, EV 76.3 MPH)
Pinch Hitting: LHB Zachariah Folkes 0-0: Ball
1-0: Foul Ball, location: 25F
1-1: Ball
2-1: Foul Ball, location: 2F
2-2: Ground out 6-3 (Groundball, 6, EV 83.1 MPH)
Batting: LHB Darby Wellington 0-0: Ball
1-0: Ball
2-0: SINGLE (Line Drive, 4MD, EV 102.5 MPH)
Batting: LHB Rafael Pichardo 0-0: Swinging Strike
0-1: Foul Ball, location: 2F
0-2: Ball
1-2: Foul Ball, location: 5F
1-2: Foul Ball, location: 2F
1-2: Ground out 6-3 (Groundball, 6D, EV 110.0 MPH)
Bottom of the 9th over - 0 runs, 1 hit, 0 errors, 1 left on base; Cronulla 3 - Newcastle 2
Thursday, May 2nd , 2024 - OOTP Baseball 24.9 Build 80